 Dungeon Crawl Stone Soup version 0.17.1-1-g73c8601 (webtiles) character file.

202724 niltaff the Executioner (level 17, -16/151 HPs)
             Began as a Minotaur Fighter on Dec 15, 2015.
             Was the Champion of Jiyva.
             Killed from afar by a frost giant (36 damage)
             ... with a bolt of cold
             ... created by the fury of Okawaru
             ... on level 3 of the Snake Pit on Dec 17, 2015.
             The game lasted 03:10:59 (45627 turns).

niltaff the Executioner (Minotaur Fighter)         Turns: 45627, Time: 03:11:01

Health: -16/151    AC: 31    Str: 41    XL:     17   Next: 95%
Magic:  24/24      EV: 11    Int:  9    God:    Jiyva [******]
Gold:   2318       SH: 21    Dex: 10    Spells: 0 memorised, 16 levels left

rFire  . . .     SeeInvis .     n - +5 war axe (vamp)
rCold  . . .     Clarity  .     f - +3 chain mail of the Valley of Death {Dex+6}
rNeg   . . .     SustAt   .     D - +5 shield {AC+3}
rPois  .         Gourm    .     (helmet restricted)
rElec  +         Spirit   .     W - +0 cloak of the Pleiades {Int+4 Dex+3}
rCorr  +         Warding  .     Z - +0 pair of gloves of Giusk {+Fly rElec}
rMut   .         Stasis   .     o - +2 pair of boots
MR     +....                    s - amulet of faith
Stlth  ..........               Y - +3 ring of protection
                                x - +4 ring of strength

@: lethally poisoned (-16 -> -16), somewhat resistant to hostile enchantments,
extremely unstealthy
A: retaliatory headbutt, horns 2, acidic bite, gelatinous body 2, translucent
skin 2
a: Request Jelly, Jelly Paralyse, Slimify, Cure Bad Mutation, Renounce Religion,
Evoke Flight
}: 1/15 runes: decaying


You were on level 3 of the Snake Pit.
You worshipped Jiyva.
Jiyva was exalted by your worship.
You were completely stuffed.

You visited 6 branches of the dungeon, and saw 36 of its levels.
You visited the Abyss 1 time.

You collected 3120 gold pieces.
You spent 802 gold pieces at shops.

Inventory:

Hand Weapons
 n - a +5 vampiric war axe (weapon)
 U - a +9 hand axe of flaming
Armour
 f - the +3 chain mail of the Valley of Death (worn) {Dex+6}
   (Okawaru gifted it to you on level 2 of the Swamp)

   It affects your dexterity (+6).
 o - a +2 pair of boots (worn)
 D - a +5 shield of protection (worn)
 W - the +0 cloak of the Pleiades (worn) {Int+4 Dex+3}
   (Okawaru gifted it to you on level 4 of the Orcish Mines)

   It affects your intelligence (+4).
   It affects your dexterity (+3).
 Z - the +0 pair of gloves of Giusk (worn) {+Fly rElec}
   (Okawaru gifted it to you on level 8 of the Lair of Beasts)

   It insulates you from electricity.
   It lets you fly.
Jewellery
 h - an uncursed amulet of resist mutation {unknown}
 r - an uncursed amulet of the gourmand {unknown}
 s - an amulet of faith (around neck)
 x - a +4 ring of strength (left hand)
 Y - a +3 ring of protection (right hand)
Wands
 m - a wand of random effects (22)
 u - a wand of teleportation (4)
 A - a wand of polymorph (4)
 E - a wand of fireball (12)
 G - a wand of slowing (25)
 H - a wand of frost (23)
 I - a wand of paralysis (12)
 M - a wand of disintegration (6)
 X - a wand of slowing (10)
Scrolls
 c - 3 scrolls of fog
 q - 7 scrolls of fear
 t - 2 scrolls of enchant armour
 y - 5 scrolls of remove curse
 z - 5 scrolls of magic mapping
 B - 4 scrolls of recharging
 L - a scroll of identify
 Q - 7 scrolls of teleportation
 T - 3 scrolls of amnesia
Potions
 a - a potion of invisibility
 b - 8 potions of agility
 d - 5 potions of might
 j - 3 potions of magic
 l - a potion of heal wounds
 p - a potion of brilliance
 v - a potion of mutation {unknown}
 w - 2 potions of resistance
 C - a potion of cancellation
 J - a potion of curing
 K - a potion of berserk rage
 N - 5 potions of haste
 P - 5 potions of degeneration
 R - a potion of flight
 V - a potion of cure mutation
Miscellaneous
 k - a disc of storms
 F - a sack of spiders
 S - a crystal ball of energy
Comestibles
 e - 15 bread rations
 g - a beef jerky
 i - 2 meat rations


   Skills:
 + Level 13.9 Fighting
 * Level 22.6 Axes
   Level 3.7(15.9) Polearms
   Level 2.0(3.1) Staves
 * Level 17.5 Armour
 + Level 1.6 Stealth
 + Level 15.1 Shields
   Level 11.4 Invocations
 + Level 0.1 Evocations


You had 16 spell levels left.
You didn't know any spells.

Dungeon Overview and Level Annotations

Branches:
Dungeon (15/15)            Temple (1/1) D:5            Lair (8/8) D:11
  Swamp (4/4) Lair:5        Snake (4/4) Lair:5        Slime (0/6) Lair:7
    Orc (4/4) D:10            Elf (0/3) Orc:3        Vaults (0/5) D:14
 Depths (0/5) D:15

Altars:
Ashenzari
Cheibriados
Dithmenos
Elyvilon
Fedhas
Gozag
Kikubaaqudgha
Makhleb
Nemelex Xobeh
Okawaru
Qazlal
Ru
Sif Muna
Trog
Vehumet
Xom
Yredelemnul
Zin
The Shining One
Beogh
Jiyva

Shops:
D:9 *   D:10 (   D:13 [   Orc:1 }   Orc:3 (   Orc:4 ([=*   Snake:1 (

Portals:
Hell: Lair:8


Innate Abilities, Weirdness & Mutations

You reflexively headbutt those who attack you in melee.
You have a pair of horns on your head.
You have acidic saliva.
Your pliable body absorbs attacks (AC +1, EV +1).
Your skin is mostly translucent (Stealth, -foe acc).


Message History

You feel sick.
Jiyva's power touches on your attributes.
You feel sick.
You feel sick.
Unknown command.
The merfolk javelineer throws a javelin of returning.
The javelin of returning hits you.
* * * LOW HITPOINT WARNING * * *
You feel sick.
The frost giant shouts!
The merfolk javelineer throws a javelin of returning.
You block the javelin of returning.
The weapon returns to the merfolk javelineer!
You feel sick.
The merfolk javelineer throws a javelin of returning.
You block the javelin of returning.
The weapon returns to the merfolk javelineer!
The frost giant gestures at you while chanting.
The bolt of cold hits you!
You die...

##.....## ###.....#.##
#.......##.## ##...(....##.##
#.....(#..###.##
##.....####.###e##
##.#...######.###N##
###.##..###.###..##§N##
##..###.###..@#...###NC###
#..###.####.##.....###CN.###
##.##.Q###..###.....####N...#
#.##m.##.Cm####....#.######.##
#####...#m.####.#....##.######.#
#..##..m.#####.......###...###.#
.###...mm# #..##....#.####..#..#
###.##.m.###.####...##.####....##
##..###...#.########.###.###.....


You could see a frost giant and 2 merfolk javelineers.

Vanquished Creatures
  A bone dragon (Swamp:4)
  A deep elf blademaster (Snake:2)
  A titan (Snake:3)
  3 deep elf master archers
  Gastronok (D:12)
  Frances (Swamp:1)
  Kirke (D:12)
  3 thorn hunters
  A greater naga (Snake:2)
  An orc warlord (Snake:2)
  A stone giant (Orc:4)
  A dire elephant (Lair:8)
  3 merfolk impalers (Snake:3)
  3 ettins (Orc:4)
  Josephine (D:13)
  The ghost of Clownie the Bewitcher, a journeyman FeMo of Jiyva (Snake:2)
  The ghost of Rex the Cleaver, a journeyman MiFi of Okawaru (Lair:4)
  3 ghost crabs
  Harold (Orc:2)
  13 hydras
  13 naga warriors
  15 alligators
  Erolcha (D:12)
  Erica (Lair:2)
  6 death yaks (Lair:8)
  The ghost of Kloppie the Carver, a novice MiFi of Okawaru (D:9)
  2 dancing weapons (D:14)
  6 anacondas
  5 centaur warriors
  2 ogre magi (D:15)
  3 tengu warriors
  A shock serpent (shapeshifter) (D:15)
  Urug (D:10)
  10 naga sharpshooters
  2 deep elf knights (Snake:3)
  Sonja (Orc:2)
  Nergalle (Orc:2)
  A sun demon (Lair:8)
  3 spriggans
  9 shock serpents
  2 salamander mystics
  A death drake (Swamp:3)
  3 swamp dragons
  A deep troll (D:15)
  3 spectral hydras (Swamp:4)
  A shambling mangrove (Swamp:3)
  3 unseen horrors
  3 naga ritualists
  3 spriggan druids
  6 hill giants
  An orc knight (Orc:2)
  An orc sorcerer (Snake:1)
  2 phantasmal warriors (Swamp:4)
  A sixfirhy (Lair:8)
  3 griffons
  7 mana vipers
  A wizard (Lair:8)
  6 ugly things
  2 manticores
  7 salamanders
  10 elephants
  17 slime creatures
  A centaur zombie (D:12)
  3 hornets
  8 cyclopes (Orc:4)
  12 naga magi
  22 black mambas
  5 orange demons (Lair:8)
  27 spiny frogs
  A torpor snail (Lair:8)
  4 swamp worm zombies (Swamp:4)
  5 gargoyles
  12 komodo dragons
  4 hydra zombies (Swamp:4)
  A hellwing (Lair:8)
  A deep elf priest (Snake:3)
  2 blue devils (Lair:8)
  11 merfolk (Snake:3)
  7 fire drakes
  7 trolls
  2 red devils (Lair:8)
  6 giant leeches
  6 polar bears
  17 blink frogs
  A two-headed ogre (D:11)
  9 bog bodies
  3 spectral swamp dragons (Swamp:4)
  2 shadows
  4 wraiths
  4 alligator zombies (Swamp:4)
  Sigmund (D:5)
  A trapdoor spider (D:14)
  46 yaks
  A human (D:7)
  4 deep elf magi
  15 hippogriffs
  4 basilisks
  3 wyverns
  2 hogs (D:12)
  3 hungry ghosts
  23 vampire mosquitoes
  2 deep elf fighters
  15 wolves
  2 small abominations (Abyss:2)
  15 swamp worms
  17 insubstantial wisps
  A soldier ant (D:15)
  5 wargs
  34 nagas
  17 water moccasins
  5 ice beasts
  12 porcupines
  8 spiders (Snake:4)
  7 wasps
  A hell hound (Lair:8)
  8 phantoms
  3 black bears
  32 orc warriors
  3 sky beasts
  2 swamp dragon zombies (Swamp:4)
  3 swamp drakes
  A necrophage (D:10)
  17 ogres
  3 eyes of draining
  25 crocodiles
  20 centaurs
  21 giant frogs
  A big kobold (D:7)
  A water moccasin skeleton (D:7)
  14 killer bees
  2 troll zombies (D:10)
  3 scorpions
  16 wights
  An electric eel (D:11)
  2 quasits
  7 crimson imps
  3 giant frog skeletons
  2 giant frog zombies
  26 orc priests
  5 hounds
  3 jellies
  Crazy Yiuf (D:6)
  16 iguanas
  16 worker ants
  3 centaur skeletons
  38 orc wizards
  A spectral swamp drake (Swamp:4)
  4 ogre zombies (D:10)
  A killer bee zombie (D:7)
  30 sheep
  2 hound skeletons
  A hound zombie (D:5)
  A worker ant zombie (D:8)
  11 adders
  4 gnolls
  80 river rats
  A swamp drake zombie (Swamp:4)
  4 shadow imps
  3 oozes
  A white imp (D:11)
  8 worms
  7 giant geckos
  205 orcs
  3 ball pythons
  A giant cockroach (D:3)
  11 goblins
  8 hobgoblins
  18 jackals
  3 quokkas
  19 bats
  A giant gecko skeleton (D:6)
  4 giant newts
  3 goblin zombies (D:10)
  A hobgoblin skeleton (D:10)
  2 hobgoblin zombies (D:10)
  A jackal zombie (D:6)
  13 kobolds
  3 orc skeletons (D:10)
  10 orc zombies (D:10)
  A quokka zombie (D:8)
  14 rats
  7 briar patches (Swamp:3)
  A bush (D:6)
  17 fungi
  7 plants
1451 creatures vanquished.

Vanquished Creatures (others)
  An acid blob (Snake:2)
  An azure jelly (Snake:1)
  A shock serpent (Snake:2)
  An orc knight (Orc:2)
  A griffon (D:15)
  A black mamba (Snake:4)
  A hippogriff (Lair:7)
  A human (D:12)
  A naga (Snake:1)
  2 orc warriors
  3 orc wizards (Orc:2)
  A centaur zombie (D:10)
  An orc priest (Orc:1)
  67 jellies
  A shadow imp (D:11)
  19 orcs
  18 fungi
  15 plants
136 creatures vanquished.

Grand Total: 1587 creatures vanquished

Notes
Turn   | Place    | Note
--------------------------------------------------------------
     0 | D:1      | niltaff the Minotaur Fighter began the quest for the Orb.
     0 | D:1      | Reached XP level 1. HP: 19/19 MP: 0/0
   184 | D:1      | Reached skill level 4 in Armour
   232 | D:1      | Reached XP level 2. HP: 24/27 MP: 1/1
   722 | D:1      | Reached XP level 3. HP: 33/33 MP: 2/2
   962 | D:2      | Found a radiant altar of Vehumet.
   962 | D:2      | Found a glowing golden altar of the Shining One.
   964 | D:2      | Found a stormy altar of Qazlal.
   964 | D:2      | Found an opulent altar of Gozag.
   966 | D:2      | Found an iron altar of Okawaru.
   966 | D:2      | Found a shattered altar of Ashenzari.
  1178 | D:2      | Became a worshipper of Warmaster Okawaru
  1447 | D:2      | Reached XP level 4. HP: 40/40 MP: 3/3
  1616 | D:3      | Reached skill level 5 in Armour
  1911 | D:3      | Reached XP level 5. HP: 44/47 MP: 4/4
  2131 | D:3      | Reached skill level 1 in Polearms
  2795 | D:4      | Reached * piety under Okawaru
  2795 | D:4      | Reached skill level 6 in Armour
  2879 | D:4      | Reached XP level 6. HP: 53/53 MP: 5/5
  3514 | D:5      | Entered Level 5 of the Dungeon
  3514 | D:5      | Noticed Sigmund
  3525 | D:5      | Killed Sigmund
  3525 | D:5      | Reached skill level 7 in Armour
  3525 | D:5      | Reached skill level 5 in Shields
  3525 | D:5      | Reached XP level 7. HP: 48/60 MP: 6/6
  3682 | D:5      | Reached ** piety under Okawaru
  3682 | D:5      | Reached skill level 5 in Fighting
  3761 | D:5      | Found a sparkling altar of Nemelex Xobeh.
  3819 | D:5      | Found a staircase to the Ecumenical Temple.
  3835 | Temple   | Entered the Ecumenical Temple
  4279 | D:5      | Reached skill level 5 in Axes
  4299 | D:5      | Found a deep blue altar of Sif Muna.
  4488 | D:6      | Reached XP level 8. HP: 68/68 MP: 7/7
  4519 | D:6      | Reached skill level 8 in Armour
  5015 | D:6      | Reached *** piety under Okawaru
  5271 | D:6      | Noticed Crazy Yiuf
  5278 | D:6      | Killed Crazy Yiuf
  5430 | D:7      | Reached skill level 1 in Staves
  5430 | D:7      | Reached skill level 1 in Invocations
  5524 | D:7      | Reached skill level 9 in Armour
  5811 | D:7      | Found a deep blue altar of Sif Muna.
  5847 | D:7      | Reached XP level 9. HP: 75/75 MP: 8/8
  6020 | D:7      | Reached **** piety under Okawaru
  6154 | D:7      | Reached skill level 10 in Armour
  7165 | D:8      | Reached ***** piety under Okawaru
  7250 | D:8      | Reached XP level 10. HP: 84/84 MP: 11/11
  7763 | D:9      | Found Gimuhous's Assorted Antiques.
  7835 | D:9      | Noticed Kloppie's ghost (novice MiFi)
  8194 | D:9      | Killed Kloppie's ghost
  8194 | D:9      | Reached skill level 11 in Armour
  8264 | D:9      | Reached skill level 10 in Axes
  8422 | D:9      | Received a gift from Okawaru
  8760 | D:10     | Entered Level 10 of the Dungeon
  8760 | D:10     | Noticed a hill giant
  8896 | D:10     | Killed a hill giant
  8896 | D:10     | Reached skill level 5 in Invocations
  8952 | D:10     | Found a staircase to the Orcish Mines.
  9039 | D:10     | Reached XP level 11. HP: 90/94 MP: 10/13
  9081 | D:10     | Noticed Urug
  9097 | D:10     | Killed Urug
  9279 | D:10     | Found Rautwid's Weapon Emporium.
  9935 | D:11     | Noticed a hill giant
  9947 | D:11     | Killed a hill giant
 10166 | D:11     | Received a gift from Okawaru
 10176 | D:11     | Reached skill level 1 in Stealth
 10284 | D:11     | Noticed a centaur warrior
 10294 | D:11     | Killed a centaur warrior
 10294 | D:11     | Reached skill level 12 in Axes
 10722 | D:11     | Received a gift from Okawaru
 10877 | D:11     | Found a staircase to the Lair.
 10978 | D:11     | Noticed a hill giant
 10987 | D:11     | Killed a hill giant
 11558 | Lair:1   | Entered Level 1 of the Lair of Beasts
 11707 | Lair:1   | Received a gift from Okawaru
 11707 | Lair:1   | Reached skill level 13 in Axes
 11897 | Lair:1   | Reached XP level 12. HP: 43/104 MP: 15/15
 12948 | Lair:2   | Noticed Erica
 12961 | Lair:2   | Killed Erica
 12978 | Lair:2   | Reached skill level 14 in Axes
 13655 | Lair:2   | Got a spiked leather armour
 13666 | Lair:2   | Identified the +3 leather armour of Dejou {rPois Regen+ Str-2} (You found it on level 2 of the Lair of Beasts)
 14094 | Lair:3   | Noticed a six-headed hydra
 14120 | Lair:3   | Killed a ten-headed hydra
 14267 | Lair:3   | Reached skill level 10 in Shields
 14269 | Lair:3   | Reached skill level 15 in Axes
 14634 | Lair:3   | Received a gift from Okawaru
 14637 | Lair:3   | Got a jewelled chain mail {god gift}
 14648 | Lair:3   | Identified the +1 chain mail "Melat" {-Tele rElec rC+++ Str+4} (Okawaru gifted it to you on level 3 of the Lair of Beasts)
 14870 | Lair:3   | Reached skill level 10 in Fighting
 15182 | Lair:4   | Noticed Rex's ghost (journeyman MiFi)
 15202 | Lair:4   | Killed Rex's ghost
 15202 | Lair:4   | Reached XP level 13. HP: 45/113 MP: 11/17
 16230 | Lair:5   | Found a staircase to the Swamp.
 16723 | Lair:5   | Found a staircase to the Snake Pit.
 17531 | Lair:6   | Reached ****** piety under Okawaru
 17601 | Lair:6   | Received a gift from Okawaru
 17941 | Lair:7   | Found a shattered altar of Ashenzari.
 17959 | Lair:7   | Reached skill level 16 in Axes
 18270 | Lair:7   | Found a viscous altar of Jiyva.
 18270 | Lair:7   | Found a staircase to the Slime Pits.
 18443 | Lair:7   | Got a warped leather armour
 18454 | Lair:7   | Identified the cursed +0 leather armour of Prudence {Int+5} (You found it on level 7 of the Lair of Beasts)
 18652 | Lair:8   | Entered Level 8 of the Lair of Beasts
 19083 | Lair:8   | Received a gift from Okawaru
 19086 | Lair:8   | Got a pair of ancient gloves {god gift}
 19397 | Lair:8   | Identified the +0 pair of gloves of Giusk {+Fly rElec} (Okawaru gifted it to you on level 8 of the Lair of Beasts)
 19572 | Lair:8   | Reached XP level 14. HP: 106/122 MP: 19/19
 19600 | Lair:8   | Reached skill level 17 in Axes
 19619 | Lair:8   | Noticed a dire elephant
 19662 | Lair:8   | Killed a dire elephant
 20896 | Lair:8   | Found a burning altar of Makhleb.
 20909 | Lair:8   | Received a gift from Okawaru
 20987 | Lair:8   | Found a gateway to Hell.
 21798 | D:11     | Noticed a hill giant
 21803 | D:11     | Killed a hill giant
 21950 | D:9      | Bought a broad axe for 112 gold pieces
 22186 | D:12     | Reached skill level 18 in Axes
 22307 | D:12     | Found a deep blue altar of Sif Muna.
 22337 | D:12     | Noticed Gastronok
 22366 | D:12     | Killed Gastronok
 22391 | D:12     | Noticed Kirke
 22403 | D:12     | Killed Kirke
 22477 | D:12     | Reached skill level 15 in Armour
 22770 | D:12     | Noticed Erolcha
 22776 | D:12     | Killed Erolcha
 22937 | D:13     | Received a gift from Okawaru
 23279 | D:13     | Noticed Josephine
 23294 | D:13     | Killed Josephine
 23349 | D:13     | Found Unnounge's Antique Armour Shop.
 24167 | D:14     | Reached XP level 15. HP: 119/132 MP: 21/21
 24226 | D:14     | Found a gate to the Vaults.
 24348 | D:14     | Found an opulent altar of Gozag.
 24668 | D:15     | Entered Level 15 of the Dungeon
 24672 | D:15     | Found a glowing golden altar of the Shining One.
 24884 | D:15     | Reached skill level 19 in Axes
 25194 | D:15     | Reached skill level 10 in Invocations
 25199 | D:15     | Found a staircase to the Depths.
 25211 | D:15     | Received a gift from Okawaru
 25637 | D:15     | Found a sacrificial altar of Ru.
 26015 | Orc:1    | Entered Level 1 of the Orcish Mines
 26092 | Orc:2    | Noticed Sonja
 26116 | Orc:2    | Killed Sonja
 26661 | Orc:3    | Found Lisuj's Weapon Shop.
 26661 | Orc:3    | Found a staircase to the Elven Halls.
 26687 | Orc:3    | Bought a +2 vampiric war axe for 270 gold pieces
 27101 | Orc:4    | Entered Level 4 of the Orcish Mines
 27113 | Orc:4    | Found Niwufuf's Antique Weapon Shop.
 27215 | Orc:4    | Found Antuenen's General Store.
 27233 | Orc:4    | Received a gift from Okawaru
 27239 | Orc:4    | Got a brightly glowing cloak {god gift}
 27250 | Orc:4    | Identified the +0 cloak of the Pleiades {Int+4 Dex+3} (Okawaru gifted it to you on level 4 of the Orcish Mines)
 27403 | Orc:4    | Bought 3 scrolls of enchant armour for 315 gold pieces
 27403 | Orc:4    | Bought a scroll of enchant armour for 105 gold pieces
 27465 | Orc:4    | Found Gunenoat's Antique Armour Shop.
 27515 | Orc:4    | Found Hubyxiuh's Jewellery Emporium.
 28085 | Orc:2    | Noticed Harold
 28086 | Orc:2    | Noticed Nergalle
 28100 | Orc:2    | Killed Nergalle
 28122 | Orc:2    | Killed Harold
 28517 | Orc:1    | Found Kohack's Gadget Shoppe.
 29670 | Swamp:1  | Entered Level 1 of the Swamp
 29921 | Swamp:1  | Noticed Frances
 29967 | Swamp:1  | Killed Frances
 29967 | Swamp:1  | Reached skill level 20 in Axes
 30028 | Swamp:1  | Received a gift from Okawaru
 30467 | Swamp:1  | Reached XP level 16. HP: 130/141 MP: 22/22
 31629 | Swamp:2  | Received a gift from Okawaru
 31638 | Swamp:2  | Got an encrusted chain mail {god gift}
 31649 | Swamp:2  | Identified the +3 chain mail of the Valley of Death {Dex+6} (Okawaru gifted it to you on level 2 of the Swamp)
 32971 | Swamp:4  | Entered Level 4 of the Swamp
 33950 | Swamp:4  | Reached skill level 21 in Axes
 34073 | Swamp:4  | Noticed a bone dragon
 34101 | Swamp:4  | Killed a bone dragon
 35178 | Swamp:4  | Got a decaying rune of Zot
 35466 | Swamp:4  | Received a gift from Okawaru
 35466 | Swamp:4  | Reached XP level 17. HP: 139/150 MP: 22/24
 35719 | Lair:7   | Fell from the grace of Okawaru
 35719 | Lair:7   | Became a worshipper of Jiyva Jomp the Shapeless
 37802 | D:11     | Reached * piety under Jiyva
 38138 | D:10     | Reached ** piety under Jiyva
 38623 | Orc:1    | Reached *** piety under Jiyva
 38670 | Orc:1    | Gained mutation: You have acidic saliva. [Jiyva's grace]
 38673 | Orc:1    | Reached **** piety under Jiyva
 38760 | Orc:1    | Gained mutation: Your mind is acute. (Int +2) [Jiyva's grace]
 38873 | Orc:1    | Reached ***** piety under Jiyva
 38983 | Orc:2    | Gained mutation: You are agile. (Dex +2) [Jiyva's grace]
 39011 | Orc:2    | Lost mutation: You are agile. (Dex +2) [Jiyva's grace]
 39037 | Orc:2    | Reached ****** piety under Jiyva
 39077 | Orc:2    | Gained mutation: You have a small jelly attached to you that senses nearby items. [Jiyva's grace]
 39398 | Orc:3    | Gained mutation: You can spit weak poison. [Jiyva's grace]
 39421 | Orc:3    | Gained mutation: You are partially covered in molten scales (AC +1). [Jiyva's grace]
 39785 | Orc:4    | Lost mutation: You have a small jelly attached to you that senses nearby items. [Jiyva's grace]
 39850 | Orc:4    | Gained mutation: You have a small jelly attached to you that senses nearby items. [Jiyva's grace]
 39878 | Orc:4    | Lost mutation: You are partially covered in molten scales (AC +1). [Jiyva's grace]
 39966 | Orc:4    | Gained mutation: You have a small jelly attached to you that may absorb incoming projectiles. [Jiyva's grace]
 40112 | Orc:2    | Found a roughly hewn altar of Beogh.
 40144 | Orc:2    | Found a roughly hewn altar of Beogh.
 40157 | Orc:2    | Gained mutation: You are partially covered in molten scales (AC +1). [Jiyva's grace]
 40237 | Orc:2    | Lost mutation: You can spit weak poison. [Jiyva's grace]
 40247 | Orc:2    | Lost mutation: Your mind is acute. (Int +2) [Jiyva's grace]
 41271 | Snake:1  | Entered Level 1 of the Snake Pit
 41386 | Snake:1  | Gained mutation: You have an increased reservoir of magic (+10% MP). [Jiyva's grace]
 41923 | Snake:1  | Lost mutation: You have a small jelly attached to you that may absorb incoming projectiles. [Jiyva's grace]
 41999 | Snake:1  | Gained mutation: Your rubbery body absorbs attacks (AC +1). [Jiyva's grace]
 42101 | Snake:1  | Got a crystal morningstar {drain}
 42102 | Snake:1  | Identified the cursed +1 morningstar of Infinity {drain, Int+3} (You took it off a naga warrior on level 1 of the Snake Pit)
 42393 | Snake:1  | Lost mutation: You have an increased reservoir of magic (+10% MP). [Jiyva's grace]
 42468 | Snake:1  | Gained mutation: Your skin is partially translucent (Stealth, -foe acc). [Jiyva's grace]
 42534 | Snake:1  | Found Evas's Weapon Boutique.
 42770 | Snake:1  | Lost mutation: You are partially covered in molten scales (AC +1). [Jiyva's grace]
 43055 | Snake:2  | Noticed Clownie's ghost (journeyman FeMo)
 43072 | Snake:2  | Cast into the Abyss (greater naga)
 43190 | Snake:2  | Escaped the Abyss
 43197 | Snake:2  | Killed Clownie's ghost
 43599 | Snake:2  | Gained mutation: You have supernaturally acute eyesight. [Jiyva's grace]
 43608 | Snake:2  | Lost mutation: You have supernaturally acute eyesight. [Jiyva's grace]
 43878 | Snake:2  | Reached skill level 22 in Axes
 43906 | Snake:2  | Gained mutation: Your body sometimes deteriorates upon taking damage. [Jiyva's grace]
 43907 | Snake:2  | Lost mutation: Your body sometimes deteriorates upon taking damage. [Jiyva's power]
 44237 | Snake:2  | Lost mutation: You have a small jelly attached to you that senses nearby items. [Jiyva's grace]
 44580 | Snake:3  | Gained mutation: You regenerate slowly when monsters are visible. [Jiyva's grace]
 44581 | Snake:3  | Lost mutation: You regenerate slowly when monsters are visible. [Jiyva's power]
 44805 | Snake:3  | Reached skill level 15 in Shields
 44977 | Snake:3  | Gained mutation: Your pliable body absorbs attacks (AC +1, EV +1). [Jiyva's grace]
 45165 | Snake:4  | Entered Level 4 of the Snake Pit
 45239 | Snake:4  | Gained mutation: Your skin is mostly translucent (Stealth, -foe acc). [Jiyva's grace]
 45527 | Snake:3  | HP: 6/151 [poisoned by a greater naga (splash of poison)]
 45627 | Snake:3  | Killed from afar by a frost giant

Action                   |  1- 3 |  4- 6 |  7- 9 | 10-12 | 13-15 | 16-18 || total
-------------------------+-------+-------+-------+-------+-------+-------++-------
Melee: War axe           |    93 |   194 |   344 |   834 |   615 |   525 ||  2605
       Staff             |       |       |       |     8 |       |       ||     8
       Hand axe          |       |       |       |       |   822 |   776 ||  1598
Invok: Heroism           |       |       |     2 |    15 |    24 |     8 ||    49
       Finesse           |       |       |       |     8 |     8 |     1 ||    17
       Request Jelly     |       |       |       |       |       |    16 ||    16
       Slimify           |       |       |       |       |       |     5 ||     5
       Cure Bad Mutation |       |       |       |       |       |     2 ||     2
 Abil: Stop Flying       |       |       |       |       |     1 |     1 ||     2
       Evoke Flight      |       |       |       |       |     1 |     1 ||     2
       Spit Poison       |       |       |       |       |       |     2 ||     2
Evoke: Wand              |       |       |       |     2 |       |     1 ||     3
  Use: Scroll            |       |     6 |    10 |    12 |    28 |    11 ||    67
       Potion            |       |       |       |       |     2 |     9 ||    11
 Stab: Distracted        |       |       |       |     1 |       |       ||     1
  Eat: Royal jelly       |     1 |       |       |       |       |       ||     1
       Chunk             |       |     4 |     2 |     9 |    10 |       ||    25
       Pizza             |       |     1 |     1 |     5 |     8 |       ||    15
       Beef jerky        |       |     1 |       |     4 |     4 |       ||     9
       Meat ration       |       |       |     1 |     1 |     4 |     5 ||    11
       Bread ration      |       |       |     1 |     1 |       |       ||     2
       Fruit             |       |       |       |       |     5 |     1 ||     6
